 Dungeon Crawl Stone Soup version 0.25-b1-23-ge2ad7d536c (webtiles) character file.

Game seed: 16003580512717991388, levelgen mode: deterministic

99 funkygono the Shield-Bearer (level 4, -1/29 HPs)
             Began as a Gargoyle Fighter on June 3, 2020.
             Slain by Sigmund
             ... wielding a +0 scythe
              (4 damage)
             ... on level 2 of the Dungeon.
             The game lasted 00:02:38 (1505 turns).

funkygono the Shield-Bearer (Gargoyle Fighter)      Turns: 1505, Time: 00:02:38

Health: -1/29      AC: 11    Str: 21    XL:     4   Next: 72%
Magic:  4/4        EV:  7    Int:  8    God:
Gold:   134        SH:  9    Dex:  9    Spells: 3/3 levels left

rFire    . . .     SeeInvis .   a - +0 flail
rCold    . . .     Gourm    .   c - +0 kite shield
rNeg     + . .     Faith    .   b - +0 scale mail
rPois    ∞         Spirit   .   (no helmet)
rElec    +         Reflect  .   (no cloak)
rCorr    .         Harm     .   n - +0 pair of gloves
MR       .....                  (no boots)
Stlth    ..........             (no amulet)
HPRegen  0.09/turn              (no ring)
MPRegen  0.09/turn              (no ring)

@: no status effects
A: negative energy resistance 1, electricity resistance, unbreathing,
petrification resistance, rot immunity, AC +3
a: no special abilities


You were on level 2 of the Dungeon.
You were not hungry.

You visited 1 branch of the dungeon, and saw 2 of its levels.

You collected 134 gold pieces.

Inventory:

Hand Weapons
 a - a +0 flail (weapon)
Missiles
 h - 44 stones (quivered)
 k - 8 bolts
 p - 28 arrows
Armour
 b - a +0 scale mail (worn)
 c - a +0 kite shield (worn)
 n - a +0 pair of gloves (worn)
Scrolls
 e - 2 scrolls of fog
 g - a scroll of teleportation
 i - 2 scrolls of identify
 j - a scroll of immolation
 o - a scroll of blinking {unknown}
Potions
 d - a potion of might
 m - a potion of stabbing {unknown}
Comestibles
 f - 8 rations
 l - 9 chunks of flesh


   Skills:
 + Level 3.8 Fighting
 + Level 2.9 Maces & Flails
 + Level 3.8 Armour
 + Level 0.6 Dodging
 + Level 4.2 Shields


You had 3 spell levels left.
You didn't know any spells.
Your spell library was empty.

Dungeon Overview and Level Annotations

Branches:
Dungeon (2/15)

Altars:

Annotations:
D:2 Sigmund


Innate Abilities, Weirdness & Mutations

You are resistant to torment.
Your stone body is resilient. (AC +3)
You are immune to poison.
You resist negative energy. (rN+)
You are resistant to electric shocks. (rElec)
You can survive without breathing.
You are immune to petrification.
You are immune to rotting.


Message History

You are confused.
You bump into the rock wall.
Something hits you.
* * * LOW HITPOINT WARNING * * *
You bump into the rock wall.
You closely miss something. Something hits you but does no damage.
You barely miss something. Something hits you but does no damage.
You miss something.
You feel less confused. Something hits you but does no damage.
Your shield and scale mail prevent you from hitting something.
You block something's attack.
You closely miss something. Something hits you but does no damage.
You hit something. Something hits you but does no damage.
You sock something! You closely miss something.
Something hits you but does no damage.
You miss something. Something hits you.
* * * LOW HITPOINT WARNING * * *
You miss something. Something hits you but does no damage.
You closely miss something. Something hits you.
You die...

#......÷#..# ##### ##.
########.#.###...# #..
#.#......)####..
#.#.......[.....
#.#.####÷#####.# #.#.#
#.# ##.# #...#
#.####...
#########.#.#
#......#.
......{@..#.#
#######...
....#####.#.#
#......... #
.#####.#.###>######..
#....................#
#.........###########
#.#####.#.# #.#.#
#.#.# ..#.# #######


There were no monsters in sight!

Vanquished Creatures
  A gnoll (D:2)
  5 adders (D:2)
  A leopard gecko (D:1)
  5 giant cockroaches
  5 goblins
  4 hobgoblins
  6 jackals (D:2)
  6 kobolds
  A quokka (D:2)
  6 rats
40 creatures vanquished.

Notes
Turn   | Place    | Note
-------+----------+-------------------------------------------
     0 | D:1      | funkygono the Gargoyle Fighter began the quest for the Orb.
     0 | D:1      | Reached XP level 1. HP: 14/14 MP: 1/1
   460 | D:1      | Reached XP level 2. HP: 19/19 MP: 2/2
   693 | D:2      | Found a faded altar of an unknown god.
   751 | D:2      | Reached XP level 3. HP: 18/23 MP: 3/3
  1043 | D:2      | Reached skill level 4 in Shields
  1043 | D:2      | Reached XP level 4. HP: 16/29 MP: 4/4
  1481 | D:2      | Noticed Sigmund
  1505 | D:2      | Slain by Sigmund

Illustrated notes

Levels and vault maps discovered:
D:1:      scummos_arrival_simple_crosswalls, layout_rooms
D:2:      layout_loops_ring, chequers_ecumenical_altar_simple,
          kennysheep_generic_room_5, uniq_sigmund, uniq_jessica

Skill      XL: |  1  2  3 |
---------------+----------+-----
Shields        | 4 |  4.2
Fighting       | |  3.8
Maces & Flails | |  2.9
Armour         | |  3.8
Dodging        | |  0.6

Action                   |  1- 3 |  4- 6 || total
-------------------------+-------+-------++-------
Melee: Flail             |   116 |    80 ||   196
  Use: Scroll            |     4 |       ||     4
  Eat: Chunk             |     1 |     1 ||     2
Armor: Scale mail        |    75 |    44 ||   119
Dodge: Dodged            |    37 |    19 ||    56
Block: Kite shield       |    60 |    25 ||    85
